Map: Fear and Faith LE

Players

RipNHammer

  • Race: Terran Terran
  • League: Master
  • Spawn Location: 11:00

SacDeFromage - Winner!

  • Race: Terran Terran
  • League: Grandmaster
  • Spawn Location: 5:00

VOD

Have the link to the VOD?

Description

Time

  • Played on: Sept. 7, 2026, 12:19 p.m.
  • Length: 8:21
Show
View Real Time Build Order
Export as new Build Order

RipNHammer Terran 

Build Orders: Reaper Expand 

Get SALT Encoding   

  8  0:00  SCV  
  9  0:12  SCV  
  10  0:24  SCV  
  11  0:37  SCV  
  11  0:39  Supply Depot  
  12  0:49  SCV  
  13  0:59  Refinery  
  13  1:01  SCV  
  14  1:05  Barracks  
  14  1:13  SCV  
  15  1:25  SCV  
  16  1:37  SCV  
  17  1:52  Orbital Command  
  17  1:53  Reaper  
  18  2:07  Command Center  
  18  2:19  SCV  
  19  2:23  Factory  
  18  2:33  SCV  
  18  2:35  Refinery  
  19  2:40  Supply Depot  
  19  2:43  Barracks Reactor  
  19  2:47  SCV  
  20  2:59  SCV  
  21  3:08  Factory Tech Lab  
  21  3:11  SCV  
  22  3:19  Starport  
  22  3:22  Orbital Command  
  22  3:27  Refinery  
  22  3:32  Marine x2  
  24  3:36  SCV  
  25  3:46  Siege Tank  
  28  3:50  SCV  
  28  3:52  SCV  
  30  4:03  SCV  
  30  4:08  SCV  
  32  4:15  Barracks Tech Lab  
  32  4:16  Viking x2  
  36  4:18  SCV  
  36  4:20  SCV  
  38  4:30  SCV  
  39  4:32  SCV  
  39  4:34  Stimpack  
  39  4:36  Supply Depot  
  39  4:37  Barracks  
  40  4:43  SCV  
  40  4:46  Marine  
  40  4:50  SCV  
  42  4:56  Barracks  
  42  4:58  SCV, Siege Tank  
  46  5:02  Medivac  
  46  5:05  SCV  
  46  5:07  Marine  
  49  5:11  Supply Depot  
  50  5:15  Supply Depot  
  50  5:24  Barracks Reactor  
  50  5:32  SCV x2, Siege Tank  
  50  5:34  Marine  
  56  5:37  Liberator  
  59  5:43  Viking  
  59  5:44  SCV x2  
  59  5:46  Supply Depot  
  63  5:51  Marine  
  63  5:52  Supply Depot  
  63  5:53  Marine  
  63  5:56  SCV  
  66  6:08  Marine x2, SCV  
  66  6:09  Marine, Supply Depot  
  66  6:11  Engineering Bay, Marine  
  70  6:13  Viking  
  70  6:18  SCV  
  74  6:24  Medivac  
  74  6:25  SCV, Marine  
  77  6:27  Marine  
  77  6:30  SCV  
  77  6:32  Marine, Supply Depot  
  80  6:34  Marine  
  80  6:36  Siege Tank  
  85  6:43  Marine  
  85  6:45  Marine  
  85  6:46  SCV  
  88  6:48  SCV  
  88  6:50  Marine  
  59  6:54  Viking  
  90  6:59  Supply Depot  
  90  7:00  Marine  
  93  7:01  Marine  
  93  7:02  Command Center  
  93  7:03  Viking  
  94  7:10  Cyclone  
  87  7:23  Marine x3  
  87  7:24  Marine  
  66  7:41  Marine  
  66  7:50  SCV  
  59  7:51  SCV  
Show
View Real Time Build Order
Export as new Build Order

SacDeFromage Terran - Winner!

Build Orders:  

Get SALT Encoding   

  8  0:00  SCV  
  9  0:12  SCV  
  10  0:24  SCV  
  11  0:28  Supply Depot  
  11  0:36  SCV  
  12  0:48  SCV  
  13  0:55  Barracks  
  13  1:00  SCV  
  14  1:13  SCV  
  15  1:25  SCV  
  16  1:35  Command Center  
  16  1:37  SCV  
  17  1:41  Marine  
  17  1:47  Refinery  
  18  1:49  SCV  
  19  1:59  Marine  
  20  2:02  Orbital Command  
  20  2:20  Supply Depot  
  20  2:23  Refinery  
  20  2:29  SCV  
  21  2:41  Marine  
  21  2:42  SCV  
  23  2:48  Factory  
  23  2:52  Orbital Command  
  23  2:55  SCV  
  24  2:59  Marine  
  25  3:07  SCV  
  27  3:20  SCV  
  27  3:25  SCV  
  28  3:32  SCV  
  28  3:33  Barracks Tech Lab  
  29  3:35  Factory Tech Lab, Starport  
  29  3:37  SCV  
  30  3:44  SCV  
  31  3:49  SCV  
  31  3:52  Refinery  
  31  3:55  Cyclone  
  35  3:56  SCV  
  35  4:01  SCV  
  37  4:08  SCV  
  38  4:13  SCV  
  39  4:17  Command Center  
  39  4:20  SCV  
  40  4:25  SCV  
  40  4:28  Refinery  
  41  4:31  Supply Depot  
  41  4:32  SCV  
  41  4:34  Hyperflight Rotors  
  42  4:39  Starport  
  42  4:53  Supply Depot, Banshee, SCV x2, Siege Tank  
  50  5:03  Supply Depot  
  50  5:10  Barracks Tech Lab  
  50  5:14  SCV x2, Supply Depot  
  52  5:24  Engineering Bay  
  52  5:25  Siege Tank  
  52  5:26  SCV x2  
  57  5:32  Orbital Command  
  57  5:37  Banshee  
  57  5:38  SCV x2  
  57  5:40  Banshee  
  65  5:44  Cloaking Field  
  65  5:50  SCV x2  
  67  5:57  Siege Tank  
  67  5:58  Missile Turret  
  67  6:00  Missile Turret  
  67  6:03  SCV x2  
  67  6:04  Orbital Command  
  72  6:13  Command Center  
  72  6:16  SCV x2  
  74  6:20  Banshee  
  74  6:22  Banshee  
  80  6:27  Barracks Reactor  
  80  6:30  Starport, Armory  
  80  6:33  Armory  
  80  6:37  Siege Tank  
  80  6:38  SCV x2  
  85  6:48  Refinery  
  85  6:51  Refinery  
  84  6:55  SCV x2  
  86  7:01  Supply Depot  
  86  7:02  Supply Depot  
  86  7:05  Supply Depot  
  86  7:08  Banshee x2  
  86  7:09  Siege Tank  
  92  7:34  Supply Depot  
  92  7:41  Siege Tank, Viking x2  
  93  7:50  SCV  
  93  7:51  SCV  
Tags
 
Add a new tag
Caveats
  • Supply blocks, unpowered buildings, or Contaminate may cause inaccurate times.
  • Supply counts are checked every 10 seconds.